[Event "Live Chess"]
[Site "Chess.com"]
[Date "2023.05.21"]
[Round "-"]
[White "AyannaTang"]
[Black "NotHarryV"]
[Result "0-1"]
[WhiteElo "230"]
[BlackElo "1511"]
[TimeControl "300"]
[EndTime "8:17:07 PDT"]
[Termination "NotHarryV won by checkmate"]

1. e4 c6 2. d4 d5 3. Bf4 dxe4 4. f3 exf3 5. Qxf3 Qxd4 6. Ne2 Qxb2 7. Nd2 Qxa1+ 8. Kf2 e6 9. h4 Bc5+ 10. Kg3 Nf6 11.
Rh3 e5 12. Bxe5 Qxe5+ 13. Nf4 Bxh3 14. Kxh3 Qf5+ 15. g4 Qxg4+ 16. Qxg4 Nxg4 17. Kxg4 Be3 18. Nh5 O-O 19. Ne4 f5+ 20. Kf3 fxe4+ 21. Kxe3 Rxf1 22.
Kxe4 Rf2 23. Ng3 Rxc2 24. Nf5 Rxa2 25. Kf4 Rf2+ 26. Kg5 Rxf5+ 27. Kxf5 Nd7 28. Kg4 Nf6+ 29. Kg5 Rd8 30. h5 Nxh5 31. Kxh5 a5 32. Kg4 a4 33. Kf3 a3 34. Ke2 a2 35. Ke3 a1=Q 36. Ke4 Ra8 37. Kd3 Ra4 38. Ke3 Qa3+ 39. Kd2 Rb4 40. Kc2 Rb2+ 41.
Kd1 Qa1# 0-1

[Event "Live Chess"]
[Site "Chess.com"]
[Date "2023.05.21"]
[Round "-"]
[White "Long1968"]
[Black "f4nomore"]
[Result "1/2-1/2"]
[WhiteElo "953"]
[BlackElo "1393"]
[TimeControl "300"]
[EndTime "8:17:09 PDT"]
[Termination "Game drawn - timeout vs insufficient material"]

1. e4 g6 2. d4 Bg7 3. Nc3 d6 4. Bc4 e6 5. Nf3 Bd7 6. O-O Ne7 7. Bg5 O-O 8. Qd2 Qe8 9. Bh6 d5 10. exd5 exd5 11. Nxd5 Nxd5 12. Bxd5 Be6 13. Rfe1 c6 14. Bxe6 fxe6 15. Bxg7 Kxg7 16. Ng5 Rf6 17. Qc3 h6 18.
Nxe6+ Rxe6 19. d5+ Kh7 20. dxe6 Na6 21. Qf6 Nc5 22.
Qf7+ Qxf7 23. exf7 Kg7 24. Re7 Rf8 25. b4 Na6 26. Rxb7 Rxf7 27. Rxf7+ Kxf7 28. c3 Nc7 29. Rd1 Nb5 30. c4 Nc3 31. Rd7+ Ke6 32. Rxa7 Kd6 33. Ra6 Ne2+ 34. Kf1 Nd4 35. b5 g5 36. Rxc6+ Nxc6 37. bxc6 Kxc6 38. Ke2 Kc5 39. Kd3 h5 40. f3 g4 41. fxg4 hxg4 42. Ke4 Kxc4 43. Kf4 Kb4 44. Kxg4 Ka3 45. Kf5 Kxa2 46. g4 Kb3 47. g5 Kc4 48.
g6 Kd5 49. g7 Kd4 50. g8=Q Ke3 51. Qg4 Kf2 52. Ke4 Ke1 53. Ke3 Kf1 54. Qf3+ Kg1 55. Qf2+ Kh1 56. Qh4 Kg2 57. Qg3+ Kh1 58. Qe1+ Kg2 59. Qf2+ Kh1 1/2-1/2

[Event "Live Chess"]
[Site "Chess.com"]
[Date "2023.05.21"]
[Round "-"]
[White "djw60"]
[Black "stevochess11"]
[Result "1-0"]
[WhiteElo "2167"]
[BlackElo "1664"]
[TimeControl "300"]
[EndTime "8:17:10 PDT"]
[Termination "djw60 won by resignation"]

1. Nf3 c5 2. e3 g6 3. d4 Bg7 4. c4 cxd4 5. Nxd4 d6 6. Nc3 Nc6 7. Be2 Nf6 8. O-O O-O 9. b3 a6 10. Bb2 Bd7 11. Qd2 Rc8 12. Rfd1 Ne5 13. f4 Neg4 14.
h3 Nh6 15. g4 Ne8 16. Bf3 Bc6 17. Nd5 e6 18. Nxc6 bxc6 19. Bxg7 Kxg7 20. Qc3+ Kg8 21. Nb4 Qh4 22. Kg2 Nf6 23. Qe1 Qxe1 24. Rxe1 c5 25.
Nc6 Nd7 26. Ne7+ Kg7 27. Nxc8 Rxc8 28. Rad1 e5 29. Rxd6 exf4 30. Rxd7 1-0

[Event "Live Chess"]
[Site "Chess.com"]
[Date "2023.05.21"]
[Round "-"]
[White "DoYouLikeCurry"]
[Black "worldchessleaguelive"]
[Result "1/2-1/2"]
[WhiteElo "1455"]
[BlackElo "1367"]
[TimeControl "300"]
[EndTime "8:17:11 PDT"]
[Termination "Game drawn by repetition"]

1. e4 d5 2. exd5 Qxd5 3. Nc3 Qd8 4. Nf3 Nf6 5. d4 c6 6. Be2 Bf5 7. O-O e6 8. Bg5 Be7 9. Bxf6 Bxf6 10. Bd3 Bxd3 11. Qxd3 O-O 12. h4 Na6 13. Ne4 Nb4 14. Qc3 Nd5 15. Qd3 b5 16. Nxf6+ Qxf6 17. Rad1 Rad8 18.
Ne5 Nb4 19. Qb3 a5 20. a3 Nd5 21. Nxc6 Rc8 22. Ne5 Qxh4 23. c3 Rb8 24. Nd7 Rb7 25.
Nxf8 Kxf8 26. Rfe1 Qg5 27. Rd3 Nf4 28. Rg3 Qh5 29. Re4 Ne2+ 30. Rxe2 Qxe2 31. Kh2 Qh5+ 32. Kg1 g6 33. Rh3 Qg5 34. Rxh7 Kg8 35. Rh3 Qc1+ 36.
Kh2 Qf4+ 37. Kg1 Qc1+ 38. Kh2 Qf4+ 39. Kg1 Qc1+ 1/2-1/2

[Event "Live Chess"]
[Site "Chess.com"]
[Date "2023.05.21"]
[Round "-"]
[White "Daniel_Gliddon_FA"]
[Black "domrobson"]
[Result "0-1"]
[WhiteElo "1221"]
[BlackElo "1781"]
[TimeControl "300"]
[EndTime "8:17:12 PDT"]
[Termination "domrobson won by resignation"]

1. e4 e5 2. d4 exd4 3. c3 d5 4. Qxd4 Nf6 5. e5 Nc6 6. Qf4 Nd7 7. Nf3 Qe7 8. Be2 Ncxe5 9. O-O Qf6 10. Nxe5 Qxe5 11.
Qd2 Bd6 12. f4 Bc5+ 13. Kh1 Qd6 14. Bd3 O-O 15. b4 Bb6 16. Bb2 Nf6 17. Qe2 Re8 18. Qf3 Bg4 19. Qg3 h5 20. h3 Bd7 21.
Qg5 Re3 22. Bc2 Re2 23. Na3 Rae8 24. c4 dxc4 25. Nxc4 Qc6 26. Nxb6 axb6 27. Bxf6 Qxf6 28. Qxf6 gxf6 29. Bb3 Bc6 30. b5 Bxg2+ 0-1

[Event "Live Chess"]
[Site "Chess.com"]
[Date "2023.05.21"]
[Round "-"]
[White "EdenHazard8"]
[Black "Crowded_House"]
[Result "1-0"]
[WhiteElo "1927"]
[BlackElo "1613"]
[TimeControl "300"]
[EndTime "8:17:21 PDT"]
[Termination "EdenHazard8 won by checkmate"]

1. e4 e6 2. d4 d5 3. Nd2 dxe4 4.
Nxe4 Nf6 5. Nxf6+ Qxf6 6. Nf3 h6 7. Bd3 Bd6 8. c3 O-O 9. Be3 b6 10.
Be4 c6 11. Bc2 Bb7 12. Qd3 g6 13. Bxh6 Re8 14. h4 c5 15. Bg5 Qg7 16. h5 Be7 17.
Bxe7 Rxe7 18. hxg6 fxg6 19. Ne5 Bxg2 20. Rg1 Kf8 21. Nxg6+ Ke8 22. Rxg2 Qf6 23. Nxe7 Kxe7 24. Qh7+ Kd6 25. Rg7 cxd4 26. cxd4 Qxd4 27. Rd1 Qxd1+ 28. Bxd1 Nc6 29. Qd3+ Ke5 30. f4+ Kf6 31. Qg6# 1-0

[Event "Live Chess"]
[Site "Chess.com"]
[Date "2023.05.21"]
[Round "-"]
[White "ZackirtyChess"]
[Black "luckywookie"]
[Result "1-0"]
[WhiteElo "1192"]
[BlackElo "809"]
[TimeControl "300"]
[EndTime "8:17:41 PDT"]
[Termination "ZackirtyChess won by checkmate"]

1. d4 c6 2. c4 d5 3. Nc3 dxc4 4. e4 e6 5. Bxc4 b5 6. Bb3 Bb4 7. Bd2 Nf6 8. a3 Bxc3 9. Bxc3 O-O 10. d5 cxd5 11.
exd5 Nxd5 12. Bxd5 Qxd5 13. Qxd5 exd5 14. Nf3 Be6 15. O-O Re8 16. Rfe1 Nc6 17. Nd4 Nxd4 18. Bxd4 a6 19. Re3 Rac8 20. Rae1 Rc2 21. Rg3 f6 22. Bxf6 Kf7 23. Bxg7 d4 24. Bxd4 Rd2 25. Bc3 Rd5 26. Rf3+ Ke7 27. Rfe3 Kd6 28. Bb4+ Kd7 29. h3 Rd4 30.
Re4 Rxe4 31. Rxe4 Bf5 32. Rxe8 Kxe8 33. g4 Kd7 34. gxf5 Ke8 35. f6 Kf7 36. Be7 h6 37.
Kg2 h5 38. Kg3 a5 39. Kh4 b4 40. axb4 axb4 41. Kxh5 b3 42. Kg5 Ke6 43. Kg6 Kd7 44. Kf7 Kc6 45. Ke6 Kb5 46. f7 Kc4 47. f8=Q Kd3 48. Qf3+ Kc2 49. Qc3+ Kb1 50. f4 Ka2 51. f5 Ka1 52. f6 Kb1 53. f7 Ka2 54. f8=Q Kb1 55. h4 Ka2 56. h5 Kb1 57. h6 Ka2 58. h7 Kb1 59. h8=Q Ka2 60. Kd5 Kb1 61. Qh7+ Ka2 62. Qa8# 1-0

[Event "Live Chess"]
[Site "Chess.com"]
[Date "2023.05.21"]
[Round "-"]
[White "RichardABates"]
[Black "WilliamofOrange16th"]
[Result "1-0"]
[WhiteElo "2184"]
[BlackElo "1849"]
[TimeControl "300"]
[EndTime "8:17:43 PDT"]
[Termination "RichardABates won by resignation"]

1. d4 d5 2. c4 c6 3. Nf3 Nf6 4. e3 a6 5. h3 Bf5 6. Nc3 e6 7. Nh4 dxc4 8. Nxf5 exf5 9. Bxc4 b5 10. Bb3 Bb4 11. O-O O-O 12. Qf3 Qd7 13. Rd1 Ra7 14. d5 Bxc3 15. bxc3 c5 16. c4 g6 17. Bb2 Ne4 18. Bc2 Nd6 19. cxb5 axb5 20. Qf4 f6 21. a4 b4 22. Bb3 g5 23. Qf3 c4 24. Bc2 c3 25. Bc1 Rb7 26. Bb3 Na6 27. Qe2 Nc5 28.
Bc4 b3 29. Ba3 Nce4 30. f3 c2 31. Rdc1 Nc3 32. Qd3 Nxa4 33. Bxb3 Rc8 34. Bxa4 Nc4 35. Bxd7 1-0

[Event "Live Chess"]
[Site "Chess.com"]
[Date "2023.05.21"]
[Round "-"]
[White "LL220284LL"]
[Black "ossie57"]
[Result "1-0"]
[WhiteElo "2236"]
[BlackElo "1847"]
[TimeControl "300"]
[EndTime "8:17:45 PDT"]
[Termination "LL220284LL won by checkmate"]

1. e4 d5 2. exd5 Qxd5 3. Nc3 Qd6 4. g3 Nf6 5. Bg2 c6 6. Nf3 Bg4 7. h3 Bxf3 8. Qxf3 e6 9. O-O Nbd7 10. Ne2 Be7 11.
d4 O-O 12. Bf4 Qb4 13. b3 Nd5 14. c3 Qb6 15. Bd2 a5 16. c4 N5f6 17. Rfd1 e5 18.
dxe5 Nxe5 19. Qc3 Ned7 20. Be3 Bc5 21. Nd4 Bb4 22. Qc2 Qc7 23. Nf5 Rae8 24. Bf4 Qb6 25. Nd6 Re6 26. h4 Bxd6 27. Bxd6 c5 28. Bxf8 Kxf8 29. Qf5 Re5 30. Qf3 Re4 31. Re1 Rxe1+ 32.
Rxe1 Qb4 33. Rd1 b5 34. Bh3 Nb6 35. Qb7 bxc4 36. Qb8+ Ne8 37. bxc4 Qa4 38. Re1 Nxc4 39. Qd8 Nd2 40. Bd7 Nf3+ 41. Kh1 Nxe1 42. Qxe8# 1-0

[Event "Live Chess"]
[Site "Chess.com"]
[Date "2023.05.21"]
[Round "-"]
[White "LiamBellwood"]
[Black "ms_lilley"]
[Result "1-0"]
[WhiteElo "1923"]
[BlackElo "603"]
[TimeControl "300"]
[EndTime "8:17:49 PDT"]
[Termination "LiamBellwood won by checkmate"]

1. d4 d5 2. Nc3 a6 3. Bf4 h6 4. e4 e6 5. exd5 exd5 6. Bd3 Nf6 7. Nf3 Bd6 8. Bg3 O-O 9. Bh4 Qe7+ 10. Ne2 Nc6 11. O-O Nxd4 12. Nexd4 Be5 13. Nxe5 Qxe5 14.
Bxf6 Qxf6 15. Re1 Qxd4 16. Bh7+ Kh8 17. Qxd4 Be6 18. Bg6 c6 19. Bh5 b5 20. Bg4 a5 21.
Bxe6 fxe6 22. Rxe6 Rae8 23. Rxh6+ Kg8 24. Rg6 Rf7 25. Kf1 Rd8 26. Re1 Kf8 27. Qh4 Kg8 28.
Qxd8+ Rf8 29. Qe7 Rf7 30. Qh4 Rxf2+ 31. Kxf2 d4 32. Qh6 Kf7 33. Qxg7# 1-0

[Event "Live Chess"]
[Site "Chess.com"]
[Date "2023.05.21"]
[Round "-"]
[White "Bob2pen"]
[Black "Alfiedog12"]
[Result "1-0"]
[WhiteElo "1882"]
[BlackElo "870"]
[TimeControl "300"]
[EndTime "8:17:55 PDT"]
[Termination "Bob2pen won on time"]

1. e4 c6 2. d4 d5 3. Nd2 dxe4 4. Nxe4 Bf5 5. Ng3 Bg6 6. Nf3 Nf6 7. h4 h6 8. h5 Bh7 9. Bd3 Bxd3 10. Qxd3 Nbd7 11.
Bf4 e6 12. O-O-O Qa5 13. Kb1 Qb6 14. Ne5 Nd5 15. Bd2 Ba3 16. b3 Bb4 17. Nxd7 Kxd7 18.
c4 Bxd2 19. Qxd2 Nb4 20. Ne4 Ke7 21. Qf4 Rad8 22. Nc5 Qa5 23. a4 b5 24. Nb7 Qb6 25.
Nxd8 Kxd8 26. c5 Qc7 27. Qxc7+ Kxc7 28. axb5 cxb5 29. Kb2 a5 30. Ra1 Ra8 31. Rhd1 Nd5 32. g3 f5 33. Re1 Kd7 34. c6+ Kxc6 35. Rxe6+ Kd7 36. Rg6 a4 37. bxa4 bxa4 38. Rxg7+ Ke6 39. Rg6+ Kf7 40. Rxh6 Rb8+ 41. Kc2 Nb4+ 42. Kd2 Ra8 43.
Rb6 Nd5 44. Rb5 Nc7 45. Rxf5+ 1-0

[Event "Live Chess"]
[Site "Chess.com"]
[Date "2023.05.21"]
[Round "-"]
[White "seabuck"]
[Black "SupremeTactician"]
[Result "1/2-1/2"]
[WhiteElo "1899"]
[BlackElo "2190"]
[TimeControl "300"]
[EndTime "8:17:58 PDT"]
[Termination "Game drawn by agreement"]

1. d4 Nf6 2. c4 e6 3. Nc3 d5 4. Nf3 Bb4 5. Qc2 O-O 6. a3 Bxc3+ 7. Qxc3 dxc4 8. Qxc4 c6 9. Bg5 h6 10. Bh4 Qd5 11.
Qxd5 Nxd5 12. e4 Nc7 13. Bc4 b5 14. Ba2 Nd7 15. O-O Nb6 16. Ne5 Bb7 17. f3 Rac8 18. Rac1 Na6 19. Rc2 c5 20. dxc5 Rxc5 21. Rxc5 Nxc5 22.
Rc1 Rc8 23. Bf2 Ncd7 24. Rxc8+ Bxc8 25. Nxd7 Bxd7 1/2-1/2

[Event "Live Chess"]
[Site "Chess.com"]
[Date "2023.05.21"]
[Round "-"]
[White "Olisingapore"]
[Black "lateforthesky"]
[Result "1/2-1/2"]
[WhiteElo "1808"]
[BlackElo "2078"]
[TimeControl "300"]
[EndTime "8:18:10 PDT"]
[Termination "Game drawn by agreement"]

1. d4 Nf6 2. c4 g6 3. g3 Bg7 4. Bg2 O-O 5. Nf3 d6 6. O-O Nbd7 7. Nc3 e5 8. e4 a6 9. Re1 exd4 10. Nxd4 Ng4 11.
Qxg4 Bxd4 12. Qd1 Bg7 13. Be3 Ne5 14. Qd2 Nxc4 15. Qe2 Nxe3 16. Qxe3 Be6 17. a3 Qd7 18. Rac1 Rae8 19. h4 d5 20. exd5 Bxd5 21. Qd2 c6 22. Nxd5 cxd5 23. Rxe8 Rxe8 24. Qxd5 Qxd5 25. Bxd5 Bxb2 26.
Rb1 Bxa3 27. Bxb7 a5 28. Ra1 Bb4 29. Bg2 Re2 30. Bf1 Rc2 31. Bb5 Kg7 32. Ba4 Rd2 33. Rc1 h6 34. Rc7 Re2 35. Bb3 Re7 36. Rxe7 Bxe7 37.
Kf1 f5 38. Ke2 g5 39. hxg5 Bxg5 40. f4 Be7 41. Kf3 Kf6 42. Ke3 Bb4 43. Kf3 Ke7 44. Bc2 Ke6 45. Bb3+ Kd6 46. Bc2 Ke6 47. Bb3+ Kf6 48.
Bc2 Be1 49. Bb3 h5 50. Bc2 h4 51. gxh4 Bxh4 52. Bb3 Be1 53. Bc2 Bc3 1/2-1/2

[Event "Live Chess"]
[Site "Chess.com"]
[Date "2023.05.21"]
[Round "-"]
[White "wadsy27"]
[Black "Biranidun"]
[Result "1-0"]
[WhiteElo "2547"]
[BlackElo "2517"]
[TimeControl "300"]
[EndTime "8:18:15 PDT"]
[Termination "wadsy27 won by resignation"]

1. c4 Nf6 2. g3 g6 3. Bg2 Bg7 4.
Nc3 O-O 5. Nf3 d6 6. O-O e5 7.
d3 Nc6 8. Rb1 a5 9. a3 Nd4 10.
Bg5 Nxf3+ 11. Bxf3 Bh3 12. Bxb7 Bxf1 13. Qxf1 Rb8 14. Qg2 h6 15. Bxf6 Bxf6 16. b4 axb4 17. axb4 Bg7 18. Bc6 f5 19. b5 e4 20. Nd5 exd3 21.
exd3 Kh7 22. Re1 Bf6 23. h4 h5 24. Qf3 Kg7 25. Nf4 Qc8 26. Ne6+ Kh7 27. Nxf8+ Qxf8 28. Qd5 Qg7 29. Kg2 Rf8 30. Be8 f4 31. Qe4 fxg3 32. fxg3 Be5 33. Bc6 Qf6 34. Qf3 Qg7 35. Qe2 Qh6 36. Be4 Kg7 37. Rf1 Rxf1 38. Qxf1 Qd2+ 39. Qf2 Qxf2+ 40. Kxf2 Bd4+ 41. Kf3 Kf6 42. Bc6 g5 43. Be8 gxh4 44. gxh4 Bc3 45. Bxh5 Be1 46. Kg4 Bf2 47. Be8 Be3 48. h5 Ke5 49. Bc6 Bh6 50. Be4 Bd2 51.
Kf3 Bh6 52. Ke2 Bg5 53. Kd1 Kd4 54. Kc2 Bh6 55. Kb3 Bg5 56. Ka4 Bd2 57. b6 cxb6 58. Kb5 Ke5 59. Kxb6 Be3+ 60. Kc6 Bh6 61. Bg6 Be3 62. Kd7 Bg5 63. Ke8 Kf6 64. Kf8 Bh6+ 65. Kg8 Bg7 66. Kh7 Bf8 67. Be8 Kg5 68. Bf7 Kf6 69. Kg8 Bh6 70. Bd5 Bg7 71. Kh7 Bf8 72. Bf3 Kg5 73. Kg8 Bh6 74. d4 Kf6 75. c5 dxc5 76. dxc5 Ke7 77. c6 Kd6 78. Kh7 Bf4 79.
h6 1-0

[Event "Live Chess"]
[Site "Chess.com"]
[Date "2023.05.21"]
[Round "-"]
[White "SimpleHarmonic1"]
[Black "hturner40"]
[Result "0-1"]
[WhiteElo "2037"]
[BlackElo "1798"]
[TimeControl "300"]
[EndTime "8:18:26 PDT"]
[Termination "hturner40 won by resignation"]

1. e4 Nc6 2. Nf3 e5 3. Bb5 f5 4. Nc3 fxe4 5. Nxe4 Nf6 6. Nxf6+ gxf6 7. O-O d5 8. Re1 Bg4 9. h3 Bh5 10. Be2 Be7 11. d4 Bxf3 12. Bxf3 Nxd4 13. Bh5+ Kd7 14. c3 Nb5 15. Qxd5+ Nd6 16. Bg4+ Ke8 17. Qe6 h5 18. Bxh5+ Rxh5 19. Qg8+ Kd7 20. Qg4+ f5 21. Qxh5 Bf6 22.
Qxf5+ Nxf5 23. Be3 Nd6 24. Rad1 Qg8 25. b3 Qg6 26. c4 Rg8 27. g3 Kc8 0-1

[Event "Live Chess"]
[Site "Chess.com"]
[Date "2023.05.21"]
[Round "-"]
[White "djw60"]
[Black "Crowded_House"]
[Result "1-0"]
[WhiteElo "2168"]
[BlackElo "1612"]
[TimeControl "300"]
[EndTime "8:18:30 PDT"]
[Termination "djw60 won by resignation"]

1. Nf3 e6 2. d4 d5 3. c4 c5 4. cxd5 Qxd5 5. Nc3 Qc6 6. e4 Nf6 7. Bb5 Bd7 8. Bxc6 Bxc6 9. d5 exd5 10. exd5 Bd7 11. O-O Be7 12. d6 1-0

[Event "Live Chess"]
[Site "Chess.com"]
[Date "2023.05.21"]
[Round "-"]
[White "Bot_Boy"]
[Black "LordBenin"]
[Result "0-1"]
[WhiteElo "332"]
[BlackElo "1402"]
[TimeControl "300"]
[EndTime "8:18:38 PDT"]
[Termination "LordBenin won by checkmate"]

1. c4 Nf6 2. Nc3 e6 3. d4 g6 4. e4 Bg7 5. Bd3 d5 6. e5 Nfd7 7. cxd5 exd5 8. Nxd5 c6 9. Ne3 O-O 10. h4 h5 11. g4 hxg4 12. Nxg4 c5 13. Bg5 Qa5+ 14. Kf1 cxd4 15. Nf6+ Bxf6 16. Bxf6 Nxf6 17. exf6 Qe5 18. h5 Qxf6 19. hxg6 fxg6 20. Qb3+ Be6 21. Bc4 Qxf2# 0-1

[Event "Live Chess"]
[Site "Chess.com"]
[Date "2023.05.21"]
[Round "-"]
[White "Tema1107"]
[Black "onemoretime1975"]
[Result "1-0"]
[WhiteElo "1943"]
[BlackElo "1839"]
[TimeControl "300"]
[EndTime "8:18:42 PDT"]
[Termination "Tema1107 won by resignation"]

1. c4 e6 2. d4 d5 3. Nc3 Nf6 4. Nf3 Be7 5. e3 c6 6. Qc2 Nbd7 7. b3 O-O 8. Bd3 Re8 9. O-O g6 10.
Bb2 Bf8 11. Rad1 Bg7 12. e4 dxe4 13. Nxe4 Nxe4 14. Bxe4 Nf6 15. Rfe1 Nxe4 16. Rxe4 Qc7 17. d5 Bxb2 18. Qxb2 cxd5 19. cxd5 Bd7 20. d6 Qb6 21. Rh4 Bc6 22. Ng5 h6 23. Qf6 Rf8 24.
Nxe6 Qxf2+ 25. Qxf2 fxe6 26. Qe3 g5 27. Rxh6 Rf7 28.
Qxg5+ Rg7 29. Rg6 Rxg6 30. Qxg6+ Kf8 31. Qf6+ Kg8 32. Rd4 Be4 33. Rxe4 1-0

[Event "Live Chess"]
[Site "Chess.com"]
[Date "2023.05.21"]
[Round "-"]
[White "peter-785"]
[Black "DRS44"]
[Result "1-0"]
[WhiteElo "1181"]
[BlackElo "1239"]
[TimeControl "300"]
[EndTime "8:18:45 PDT"]
[Termination "peter-785 won by checkmate"]

1. e4 e5 2. Nf3 d6 3. Bc4 f5 4. d3 Nf6 5. Bg5 h6 6. Bxf6 Qxf6 7.
exf5 Bxf5 8. Nbd2 Nc6 9. Ne4 Bxe4 10. dxe4 Nd4 11. Nxd4 exd4 12. O-O Be7 13. Qf3 O-O-O 14. Qxf6 Bxf6 15. Rab1 a6 16. f3 b5 17. Be6+ Kb7 18. Rfd1 c5 19. a3 c4 20. b4 c3 21. f4 Ra8 22.
Bd5+ Kb6 23. Bxa8 Rxa8 24. Rd3 a5 25. bxa5+ Rxa5 26. Rb3 Be7 27. Rxd4 d5 28. Rxd5 Bxa3 29. Rd7 Bb2 30. Rxg7 Ra1+ 31. Kf2 Bc1 32. f5 Bf4 33. Rg6+ Kc7 34. Rxc3+ Kd7 35. Rd3+ Ke7 36. Re6+ Kf7 37. Rd7+ Kf8 38. Rb7 Ra2 39. Rc6 Ke8 40. Rc8# 1-0

[Event "Live Chess"]
[Site "Chess.com"]
[Date "2023.05.21"]
[Round "-"]
[White "TheSmoulderingMaster"]
[Black "wot-not"]
[Result "1-0"]
[WhiteElo "1662"]
[BlackElo "1512"]
[TimeControl "300"]
[EndTime "8:18:49 PDT"]
[Termination "TheSmoulderingMaster won by resignation"]

1. e4 e6 2. d4 d5 3. Nc3 Nf6 4. Bg5 Bb4 5. e5 h6 6. Bxf6 gxf6 7. Nf3 fxe5 8. Nxe5 Nc6 9. Bb5 Bd7 10. Nxd7 Qxd7 11. O-O O-O-O 12. Na4 a6 13. Bxc6 Qxc6 14.
a3 Qxa4 15. axb4 Qxb4 16. Qh5 Qxd4 17. Qxf7 e5 18. Qe6+ Kb8 19. c3 Qf4 20. g3 Qg5 21. Ra3 e4 22. Rb3 h5 23. Qxa6 b6 24. Ra3 1-0

[Event "Live Chess"]
[Site "Chess.com"]
[Date "2023.05.21"]
[Round "-"]
[White "ShanthamGrarks"]
[Black "Trendle"]
[Result "0-1"]
[WhiteElo "1955"]
[BlackElo "2659"]
[TimeControl "300"]
[EndTime "8:18:59 PDT"]
[Termination "Trendle won by checkmate"]

1. d4 e6 2. Nc3 Nf6 3. e4 d5 4. Bg5 Be7 5. e5 Nfd7 6. h4 Nc6 7. Qg4 f6 8. Qxe6 Nb6 9. Qxc6+ bxc6 10. Bf4 Bf5 11. Nf3 Rb8 12. Bd3 Qd7 13. O-O Nc4 14.
Bxc4 dxc4 15. exf6 gxf6 16. d5 cxd5 17. Nd4 Rg8 18.
Rfe1 Kf7 19. Re3 Bc5 20. Nce2 Rxb2 21. c3 Bd3 22. Ng3 Qg4 23. Bxc7 Qxh4 24. Rf3 Bxd4 25. cxd4 Qxd4 26. Re1 Rb1 27. Rxb1 Bxb1 28. Nh5 Rg6 29. Nf4 Qd1+ 30. Kh2 Rh6+ 31. Kg3 Be4 32. Ra3 Qh1 33. f3 Qh4# 0-1

[Event "Live Chess"]
[Site "Chess.com"]
[Date "2023.05.21"]
[Round "-"]
[White "viktorskliarov"]
[Black "Mikhail_Golubev"]
[Result "1-0"]
[WhiteElo "2634"]
[BlackElo "2420"]
[TimeControl "300"]
[EndTime "8:19:05 PDT"]
[Termination "viktorskliarov won on time"]

1. e4 c5 2. Nf3 d6 3. d4 cxd4 4.
Qxd4 Nc6 5. Bb5 Bd7 6. Bxc6 Bxc6 7. Nc3 Nf6 8. Bg5 e6 9. O-O-O Be7 10. Rhe1 O-O 11.
Kb1 Qc7 12. Qd3 a6 13. Nd4 b5 14. f3 Rfc8 15. g4 Be8 16. h4 b4 17. Nce2 Bb5 18. Nxb5 axb5 19. Nd4 1-0

[Event "Live Chess"]
[Site "Chess.com"]
[Date "2023.05.21"]
[Round "-"]
[White "martinsmartin63"]
[Black "nitrofish07"]
[Result "1-0"]
[WhiteElo "767"]
[BlackElo "1814"]
[TimeControl "300"]
[EndTime "8:19:16 PDT"]
[Termination "martinsmartin63 won by resignation"]

1. Nf3 Nf6 2. d4 d5 3. Nc3 Bf5 4. e3 c5 5. Bb5+ Nbd7 6. Ne5 a6 7. Bxd7+ Nxd7 8. Nxf7 Kxf7 9. Qf3 Kf6 10. e4 dxe4 11. Nxe4+ Ke6 12. Ng5+ Kf6 13. Ne4+ Ke6 14. Ng5+ Kd6 15.
Qxf5 cxd4 16. Qe6+ Kc7 17. Bf4+ Kc8 18. Qc4+ 1-0

[Event "Live Chess"]
[Site "Chess.com"]
[Date "2023.05.21"]
[Round "-"]
[White "HoarseyHorsey"]
[Black "lHolyDiverl"]
[Result "1-0"]
[WhiteElo "1465"]
[BlackElo "555"]
[TimeControl "300"]
[EndTime "8:19:24 PDT"]
[Termination "HoarseyHorsey won on time"]

1. d4 d5 2. c4 Nf6 3. Nc3 Nc6 4. Nf3 Bf5 5. cxd5 Nxd5 6. Bg5 Nf6 7. e3 Nb4 8. Qa4+ Nc6 9. Bb5 a6 10. Bxc6+ bxc6 11. Qxc6+ Bd7 12. Qc4 Be6 13. Qd3 g6 14. Ne4 Nxe4 15. Qxe4 Bg7 16. O-O O-O 17. Qd3 Rb8 18.
b3 a5 19. Rab1 Bf5 20. e4 Bg4 21. Rfd1 a4 22. e5 Bf5 23. Qc4 Bxb1 24. Rxb1 axb3 25. axb3 h6 26. Be3 Qc8 27. Qc1 Rb7 28. Bxh6 Qb8 29.
Bxg7 Kxg7 30. Qe3 c6 31. h4 Rd8 32. h5 gxh5 33. Qg5+ 1-0

[Event "Live Chess"]
[Site "Chess.com"]
[Date "2023.05.21"]
[Round "-"]
[White "NotHarryV"]
[Black "stevochess11"]
[Result "0-1"]
[WhiteElo "1506"]
[BlackElo "1669"]
[TimeControl "300"]
[EndTime "8:19:24 PDT"]
[Termination "stevochess11 won by resignation"]

1. d4 Nf6 2. c4 c5 3. d5 b5 4. cxb5 a6 5. Nc3 e6 6. e4 exd5 7.
exd5 Bb7 8. Bg5 d6 9. bxa6 Bxa6 10.
Bxa6 Nxa6 11. Qa4+ Qd7 12. Qxd7+ Nxd7 13. Bf6 gxf6 0-1

[Event "Live Chess"]
[Site "Chess.com"]
[Date "2023.05.21"]
[Round "-"]
[White "Ian-Morley"]
[Black "FlyingChessKestrel13"]
[Result "0-1"]
[WhiteElo "1112"]
[BlackElo "2060"]
[TimeControl "300"]
[EndTime "8:19:29 PDT"]
[Termination "FlyingChessKestrel13 won by resignation"]

1. e4 e6 2. d4 d5 3. exd5 exd5 4. Nf3 Nf6 5. Bf4 Bd6 6. Nc3 O-O 7. Bxd6 Qxd6 8. Be2 Bg4 9. O-O c6 10. h3 Bh5 11. g3 Nbd7 12. g4 Bg6 13. Bd3 Ne4 14.
Nxe4 dxe4 15. Ne5 exd3 16. Nxd7 Qxd7 17. cxd3 Qxd4 18. Qb3 b6 19. Rac1 Qxd3 20. Qxd3 Bxd3 21. Rfd1 Be4 22. Rd7 Bd5 23. b4 h6 24. a4 Rfd8 25.
Rxd8+ Rxd8 26. a5 bxa5 27. bxa5 Rb8 28. Re1 Rb5 29. Re7 Rxa5 30. Kh2 Ra2 31. Kg3 a5 32.
f4 a4 33. g5 hxg5 34. Kg4 gxf4 35. Kxf4 a3 36. h4 Rf2+ 37. Kg3 Rg2+ 38. Kf4 a2 39. Ra7 Rg1 40. Rxa2 0-1

[Event "Live Chess"]
[Site "Chess.com"]
[Date "2023.05.21"]
[Round "-"]
[White "slava_ukr"]
[Black "grillage"]
[Result "1-0"]
[WhiteElo "2342"]
[BlackElo "1773"]
[TimeControl "300"]
[EndTime "8:19:39 PDT"]
[Termination "slava_ukr won by resignation"]

1. e4 d5 2. Nc3 dxe4 3. Nxe4 Bf5 4. Ng3 Bg6 5. h4 h6 6. Nf3 e6 7. Ne5 Bh7 8. Bc4 Nd7 9. Nf3 Ngf6 10. d4 Nb6 11. Bb3 Bd6 12. c3 Bxg3 13. fxg3 Qd6 14. Bf4 Qd7 15. Qe2 Nbd5 16. Ne5 Qe7 17. Ba4+ Kf8 18.
O-O Bf5 19. Rf2 Ne4 20. Rff1 g5 21. Bc2 gxf4 22. Bxe4 Bxe4 23. Qxe4 Ke8 24. c4 f5 25. Qe2 Ne3 26. Rxf4 Ng4 27. Ng6 Qg7 28. Qxe6+ Kd8 29.
Nxh8 Qxh8 30. Qxf5 Rc8 31. Rxg4 1-0

[Event "Live Chess"]
[Site "Chess.com"]
[Date "2023.05.21"]
[Round "-"]
[White "AyannaTang"]
[Black "WilliamofOrange16th"]
[Result "0-1"]
[WhiteElo "230"]
[BlackElo "1849"]
[TimeControl "300"]
[EndTime "8:19:40 PDT"]
[Termination "WilliamofOrange16th won by checkmate"]

1. e4 d6 2. d3 Nf6 3. Bg5 e5 4. Bxf6 Qxf6 5. Ne2 c6 6. Ng3 h5 7. Nxh5 Qg6 8. Ng3 Bg4 9. Nf5 Bxf5 10. exf5 Qxf5 11.
Be2 d5 12. g3 Bc5 13. h3 Qxf2+ 14. Kd2 Qe3+ 15. Ke1 Qxg3+ 16. Kd2 Qf4+ 17. Ke1 Bf2+ 18.
Kf1 Be3+ 19. Ke1 Qf2# 0-1

[Event "Live Chess"]
[Site "Chess.com"]
[Date "2023.05.21"]
[Round "-"]
[White "AttackingSnowLeopard"]
[Black "Shepherds_Pie"]
[Result "1-0"]
[WhiteElo "2165"]
[BlackElo "1938"]
[TimeControl "300"]
[EndTime "8:19:41 PDT"]
[Termination "AttackingSnowLeopard won by resignation"]

1. d4 Nf6 2. c4 c5 3. d5 e6 4. Nc3 exd5 5. cxd5 d6 6. Nf3 g6 7. h3 Bg7 8. Bf4 O-O 9. e3 b6 10. Nd2 Ba6 11. Bxa6 Nxa6 12. Nc4 Nh5 13. Bh2 b5 14. Nxd6 Qa5 15. O-O Nc7 16. a4 b4 17.
Ncb5 Nxb5 18. axb5 Qd8 19. Nc4 Qd7 20. b6 axb6 21. Rxa8 Rxa8 22. Nxb6 Qb7 23. Nxa8 Qxa8 24. d6 Qd8 25. d7 Nf6 26. Be5 Qxd7 27. Bxf6 Qxd1 28.
Rxd1 Bxf6 29. b3 Kf8 30. Rd5 Be7 31. Kf1 f5 32. Ke2 Kf7 33. Kd3 Ke6 34. Kc4 g5 35. Rxc5 Bxc5 36. Kxc5 Ke5 37. Kxb4 Ke4 38. Kc4 f4 39.
exf4 1-0